 Dungeon Crawl Stone Soup version 0.25-a0-589-g1e14c549ee (webtiles) character file.

Game seed: 8117608382141454015, levelgen mode: deterministic

40 ipx the Twirler (level 3, 0/22 HPs)
             Began as a Gargoyle Gladiator on Mar 13, 2020.
             Slain by an adder (2 damage)
             ... on level 3 of the Dungeon.
             The game lasted 00:03:32 (342 turns).

ipx the Twirler (Gargoyle Gladiator)                 Turns: 342, Time: 00:03:33

Health: 0/22       AC:  7    Str: 18    XL:     3   Next: 50%
Magic:  3/3        EV: 12    Int:  8    God:
Gold:   12         SH:  0    Dex: 11    Spells: 2/2 levels left

rFire    . . .     SeeInvis .   a - +0 quarterstaff
rCold    . . .     Gourm    .   (shield currently unavailable)
rNeg     + . .     Faith    .   b - +0 leather armour
rPois    ∞         Spirit   .   c - +0 helmet
rElec    +         Reflect  .   (no cloak)
rCorr    .         Harm     .   (no gloves)
MR       .....                  (no boots)
Stlth    +.........             (no amulet)
HPRegen  0.07/turn              (no ring)
MPRegen  0.08/turn              (no ring)

@: no status effects
A: negative energy resistance 1, electricity resistance, unbreathing,
petrification resistance, rot immunity, AC +3
a: no special abilities


You were on level 3 of the Dungeon.
You were not hungry.

You visited 1 branch of the dungeon, and saw 3 of its levels.
You also visited: Sewer.

You collected 12 gold pieces.

Inventory:

Hand Weapons
 a - a +0 quarterstaff (weapon)
Armour
 b - a +0 leather armour (worn)
 c - a +0 helmet (worn)
Scrolls
 g - a scroll of remove curse {unknown}
 h - a scroll of teleportation {unknown}
Comestibles
 f - 3 rations


   Skills:
 + Level 2.8 Fighting
 + Level 3.4 Staves
 + Level 2.3 Throwing
 + Level 2.7 Dodging


You had 2 spell levels left.
You didn't know any spells.
Your spell library was empty.

Dungeon Overview and Level Annotations

Branches:
Dungeon (3/15)              Sewer (visited)

Altars:


Innate Abilities, Weirdness & Mutations

You are resistant to torment.
Your stone body is resilient. (AC +3)
You are immune to poison.
You resist negative energy. (rN+)
You are resistant to electric shocks. (rElec)
You can survive without breathing.
You are immune to petrification.
You are immune to rotting.


Message History

Purgy bites you.
* * * LOW HITPOINT WARNING * * *
Purgy barely misses you. Purgy claws you but does no damage.
Found a metallic pink potion.
There is a gate leading back out of this place here.
Purgy bites you but does no damage. Purgy barely misses you.
Purgy claws you but does no damage.
Welcome back to the Dungeon!
There is a collapsed entrance here.
You enter the shallow water.
Moving in this stuff is going to be slow.
An adder comes into view.
The adder hisses angrily.
You miss the adder. The adder barely misses you.
You barely miss the adder. The adder completely misses you.
You miss the adder. The adder bites you but does no damage.
The adder bites you.
* * * LOW HITPOINT WARNING * * *
You barely miss the adder. The adder bites you.
You die...

#.# #. #.# #.
#.# #. #.# #.
#.# #. #.# #.
#.#
####.####.######
#.......S@.....#
#.##.#########.#
#. ###.### #S
#.....# ..
#.#...### ##
#.....≈##
##....≈≈##
#####...#≈≈###
#.......#≈≈#


You could see an adder.

Vanquished Creatures
  2 adders (D:2)
  2 worms (D:3)
  A dart slug (D:1)
  A leopard gecko (D:1)
  6 bats
  A giant cockroach (D:1)
  A hobgoblin (D:1)
  A kobold (D:1)
  2 rats (D:1)
17 creatures vanquished.

Notes
Turn   | Place    | Note
-------+----------+-------------------------------------------
     0 | D:1      | ipx the Gargoyle Gladiator began the quest for the Orb.
     0 | D:1      | Reached XP level 1. HP: 12/12 MP: 1/1
    79 | D:1      | Reached XP level 2. HP: 18/18 MP: 2/2
   127 | D:2      | Reached XP level 3. HP: 20/22 MP: 3/3
   221 | D:3      | Found a glowing drain.
   255 | Sewer    | Entered a sewer
   285 | Sewer    | Noticed Purgy
   294 | Sewer    | HP: 1/22 [Purgy (6)]
   342 | D:3      | Slain by an adder

Levels and vault maps discovered:
D:1:      wander_arrival_estate, layout_basic
D:2:      layout_loops_cross
D:3:      layout_loops_ring, cheibrodos_sewer_entry_bend,
          minmay_fractal_squares_5, uniq_robin

Skill      XL: |  1 |
---------------+----+-----
Throwing       | 2 |  2.3
Fighting       | |  2.8
Staves         | |  3.4
Dodging        | |  2.7

Action                   || total
-------------------------++-------
Melee: Quarterstaff      ||    54
Throw: Throwing net      ||     3
  Use: Potion            ||     1
 Stab: Held in net/web   ||     1
Armor: Leather armour    ||    31
Dodge: Dodged            ||    37

Table legend:
 A = Non-vault XP
 B = Vault XP
 C = Vault XP percentage of total XP
 D = Non-vault monster count
 E = Vault monster count
 F = Vault count percentage of total count
                 A         B        C        D         E       F
            +---------+---------+-------+---------+---------+-------
      Total |      42 |      16 |  27.6 |      10 |       7 |  41.2
            +---------+---------+-------+---------+---------+-------
        D:1 |      14 |       0 |   0.0 |       7 |       0 |   0.0
        D:2 |      28 |       0 |   0.0 |       3 |       0 |   0.0
        D:3 |       0 |      10 | 100.0 |       0 |       2 | 100.0
      Sewer |       0 |       6 | 100.0 |       0 |       5 | 100.0
            +---------+---------+-------+---------+---------+-------
